 Dungeon Crawl Stone Soup version 0.17-a0-1954-g0dddeaa (webtiles) character file.

39 ardent99 the Magician (level 3, -15/24 HPs)
             Began as a Demonspawn Wizard on Oct 5, 2015.
             Was an Initiate of Dithmenos.
             Demolished by Crazy Yiuf
             ... wielding a +2 quarterstaff of chaos
              (16 damage)
             ... on level 2 of the Dungeon.
             The game lasted 00:10:08 (1846 turns).

ardent99 the Magician (Demonspawn Wizard)           Turns: 1846, Time: 00:10:09

Health: -15/24     AC:  3    Str:  7    XL:     3   Next: 28%
Magic:  3/7        EV: 12    Int: 20    God:    Dithmenos [......]
Gold:   57         SH:  0    Dex: 11    Spells: 4 memorised, 1 level left

rFire  x . .     SeeInvis .     (no weapon)
rCold  + . .     Clarity  .     k - +0 robe
rNeg   . . .     SustAt   .     (no shield)
rPois  .         Gourm    .     b - +0 hat
rElec  .         Spirit   .     h - +0 cloak
rCorr  .         Warding  .     (no gloves)
rMut   .         Stasis   .     (no boots)
MR     .....                    (no amulet)
Stlth  ++........               (no ring)
                                q - ring of ice

@: slowed, very slow, not resistant to hostile enchantments, unstealthy
A: horns 1, powered by pain 1
a: Renounce Religion


You were on level 2 of the Dungeon.
You worshipped Dithmenos.
Dithmenos was noncommittal.
You were not hungry.

You visited 1 branch of the dungeon, and saw 2 of its levels.

You collected 57 gold pieces.

Inventory:

Hand weapons
 f - a +0 club
Armour
 b - a +0 hat (worn)
 h - a +0 cloak (worn)
 k - a +0 robe (worn)
Jewellery
 q - a ring of ice (left hand)
Scrolls
 g - a scroll of identify
Potions
 e - a potion of cure mutation
 i - a potion of brilliance {unknown}
 l - a potion of mutation
 m - a potion of resistance {unknown}
 r - a potion of heal wounds {unknown}
Books
 c - a book of Minor Magic

   Spells                             Type                      Level
   a - Magic Dart                     Conjuration                  1
   b - Blink                          Translocation                2
   c - Call Imp                       Summoning                    2
   d - Repel Missiles                 Charms/Air                   2
   e - Slow                           Hexes                        2
   f - Conjure Flame                  Conjuration/Fire             3
   g - Mephitic Cloud                 Conjuration/Poison/Air       3
Comestibles
 a - 2 slices of pizza
 d - a bread ration
 j - 3 fruits


   Skills:
 - Level 2.1 Dodging
 - Level 2.0 Stealth
 - Level 3.0 Spellcasting
 + Level 2.8 Conjurations
 - Level 1.0 Summonings
 - Level 0.8 Translocations


You had one spell level left.
You knew the following spells:

 Your Spells              Type           Power        Failure   Level  Hunger
a - Magic Dart            Conj           ##..         4%          1    None
b - Blink                 Tloc           N/A          17%         2    ##.....
c - Call Imp              Summ           #.......     17%         2    ##.....
d - Repel Missiles        Chrm/Air       #.....       24%         2    ##.....


Dungeon Overview and Level Annotations

Branches:
Dungeon (2/15)

Altars:
Dithmenos

Annotations:
D:2 Crazy Yiuf


Innate Abilities, Weirdness & Mutations

You have a pair of small horns on your head.
You sometimes gain a little power by taking damage.


Message History

You start resting.
Magic restored.
Crazy Yiuf shouts!
Crazy Yiuf zaps a wand.
You feel yourself slow down.
Crazy Yiuf zaps a wand.
You resist with significant effort.
Crazy Yiuf hits you with a quarterstaff of chaos.
Casting: Call Imp
Confirm with . or Enter, or press ? or * to list all spells.
A shadowy apparition takes form in the air.
Crazy Yiuf hits you with a quarterstaff of chaos!
Casting: Call Imp
Confirm with . or Enter, or press ? or * to list all spells.
A metallic apparition takes form in the air.
Crazy Yiuf zaps a wand.
You resist with significant effort.
Your shadow imp barely misses Crazy Yiuf.
Crazy Yiuf hits you with a quarterstaff of chaos!
* * * LOW HITPOINT WARNING * * *
Space warps horribly around you!
Ouch! That really hurt!
You die...

###.## #.# #.# #.#
#.# #.#######♣♣ ###
#........P♣♣ #..)#
#<###...5PP♣♣♣♣..g.g#
#.# ##..@g♣.♣..♣ #.#
##..P5♣.♣♣♣ #.#
###♣♣♣♣♣ #'# ...
..... .......
#.#..#### #.#..#


You could see Crazy Yiuf, a friendly iron imp and a friendly shadow imp.

Vanquished Creatures
  An adder (D:2)
  An ooze (D:2)
  A giant gecko (D:1)
  A giant cockroach (D:1)
  4 hobgoblins
  A bat (D:2)
  3 giant newts (D:1)
  3 goblins
  3 kobolds
  7 rats
25 creatures vanquished.

Vanquished Creatures (collateral kills)
  A worm (D:2)
  A fungus (D:2)
2 creatures vanquished.

Grand Total: 27 creatures vanquished

Notes
Turn   | Place    | Note
--------------------------------------------------------------
     0 | D:1      | ardent99 the Demonspawn Wizard began the quest for the Orb.
     0 | D:1      | Reached XP level 1. HP: 13/13 MP: 4/4
   481 | D:1      | Gained mutation: You have a pair of small horns on your head. [demonic ancestry]
   481 | D:1      | Reached XP level 2. HP: 19/19 MP: 3/6
   878 | D:1      | Learned a level 2 spell: Blink
   881 | D:1      | Learned a level 2 spell: Call Imp
   884 | D:1      | Learned a level 2 spell: Repel Missiles
  1578 | D:2      | Gained mutation: You sometimes gain a little power by taking damage. [demonic ancestry]
  1578 | D:2      | Reached XP level 3. HP: 24/24 MP: 0/7
  1658 | D:2      | Found a shadowy altar of Dithmenos.
  1716 | D:2      | Became a worshipper of Dithmenos the Shadowed
  1801 | D:2      | Noticed Crazy Yiuf
  1846 | D:2      | HP: 1/24 [Crazy Yiuf/quarterstaff of chaos (8)]
  1846 | D:2      | Demolished by Crazy Yiuf

Vault maps used:
D:1:      kilobyte_arrival_exit_the_forest, st_stairs_11
D:2:      old_standard_altar, lemuel_another_geyser, uniq_iyjb, uniq_jessica,
          uniq_crazy_yiuf_cottage

Action                   || total
-------------------------++-------
Melee: Unarmed           ||     5
 Cast: Magic Dart        ||    70
       Call Imp          ||     8
  Use: Scroll            ||     6
  Eat: Chunk             ||     2
       Fruit             ||     1
